 Dungeon Crawl Stone Soup version 0.17-a0-2208-ge5ab1d3 (webtiles) character file.

244 fredomojojo the Bolt Thrower (level 6, -1/35 HPs)
             Began as a Kobold Hunter on Oct 27, 2015.
             Was a Follower of Dithmenos.
             Slain by an orc
             ... wielding a +0 flail of protection
              (6 damage)
             ... on level 3 of the Dungeon.
             The game lasted 00:57:17 (2874 turns).

fredomojojo the Bolt Thrower (Kobold Hunter)        Turns: 2874, Time: 00:57:17

Health: -1/35      AC:  3    Str: 11    XL:     6   Next: 32%
Magic:  6/6        EV: 15    Int:  9    God:    Dithmenos [*.....]
Gold:   183        SH:  0    Dex: 18    Spells: 0 memorised, 5 levels left

rFire  . . .     SeeInvis .     u - +1 dagger (drain)
rCold  . . .     Clarity  .     A - +0 leather armour
rNeg   . . .     SustAt   .     (shield restricted)
rPois  .         Gourm    .     (no helmet)
rElec  .         Spirit   .     (no cloak)
rCorr  .         Warding  .     (no gloves)
rMut   .         Stasis   .     (no boots)
MR     .....                    (no amulet)
Stlth  +++.......               (no ring)
                                (no ring)

@: wreathed by umbra, not resistant to hostile enchantments, fairly stealthy
A: carnivore 3
a: Renounce Religion


You were on level 3 of the Dungeon.
You worshipped Dithmenos.
Dithmenos was aware of your devotion.
You were full.

You visited 1 branch of the dungeon, and saw 4 of its levels.

You collected 183 gold pieces.

Inventory:

Hand Weapons
 a - a +1 hand crossbow
 c - a +0 short sword
 s - a +0 dagger
 u - a +1 dagger of draining (weapon)
 x - a +0 club
 H - a +0 short sword
Missiles
 b - 95 bolts
 i - 21 poisoned needles
 l - 5 javelins
 r - 30 stones (quivered)
 v - 3 needles of sleeping
 F - 9 arrows of dispersal
Armour
 A - a +0 leather armour (worn)
Jewellery
 z - an uncursed amulet of stasis {unknown}
Wands
 w - a wand of slowing (7)
 C - a wand of draining (7)
 J - a wand of slowing (23)
Scrolls
 d - a scroll of recharging {unknown}
 f - a scroll of identify
 h - a scroll of enchant armour {unknown}
 k - 3 scrolls of remove curse {unknown}
 n - 3 scrolls of teleportation {unknown}
 p - a scroll of immolation {unknown}
 q - a scroll of amnesia {unknown}
 t - a scroll of fog {unknown}
 y - a scroll of blinking {unknown}
Potions
 e - 2 potions of cure mutation {unknown}
 j - a potion of mutation
 m - 2 potions of degeneration
 o - 2 potions of resistance
 B - a potion of cancellation
 E - 2 potions of experience
 G - a potion of might {unknown}
 K - a potion of poison {unknown}
Comestibles
 g - a beef jerky
 D - 3 bread rations
 I - a meat ration


   Skills:
 + Level 2.2 Fighting
 * Level 1.1 Short Blades
 + Level 7.2 Crossbows
 + Level 1.0 Armour
 + Level 3.2 Dodging
 * Level 4.0 Stealth


You had 5 spell levels left.
You didn't know any spells.

Dungeon Overview and Level Annotations

Branches:
Dungeon (4/15)
 Temple: D:4-7

Altars:
Dithmenos
Qazlal

Annotations:
D:4 Duffy's ghost, amateur VSGl


Innate Abilities, Weirdness & Mutations

You are small and have problems with some larger weapons.
You are carnivorous and can eat meat at any time.


Message History

The orc priest casts a cantrip, but nothing happens.
The orc hits you with a flail of protection.
The hound skeleton barely misses you.
You hit the orc priest but do no damage.
You drain the orc priest!
The orc priest is almost dead.
The orc priest invokes the aid of Beogh against you.
Something smites you!
* * * LOW HITPOINT WARNING * * *
The hound skeleton closely misses you. The orc misses you.
The orc priest barely misses you. The hound skeleton closely misses you.
The orc misses you.
There is a stone staircase leading up here.
The hound skeleton completely misses you.
The orc priest closely misses you.
You climb upwards.
There is a stone staircase leading down here.
You barely miss the orc.
The orc hits you with a flail of protection.
You die...

....##...###.....# #....##
.......)...##...## ##.....##
...........###.## ##.......#
...........# #.# #.........
...###...### #.# ##.......# ...
#...# ##'## ##.....## ##
####.#####...## #####...###
####..)....#.....## #..†......#
......#.##.....†@.## #..###.##.#
.##...#.##......[o.####...##.##.#
....)....'.........'.........##.#
.##....<##..<......####...#.###.#
.###..####........## #..##.# #.#
.# #.......#.....## #.###.###.#
.###..#######...## #.........#
......# ##'## #####.##### ####.##
#.# #.#


You could see an orc.

Vanquished Creatures
  Ijyb (D:2)
  A giant frog skeleton (D:4)
  A worker ant (D:4)
  5 adders
  2 oozes
  3 worms
  10 orcs
  4 bats
  4 giant cockroaches
  7 hobgoblins
  10 jackals
  7 kobolds
  A quokka (D:2)
  4 giant geckos
  4 giant newts
  10 goblins
  A quokka skeleton (D:4)
  13 rats
88 creatures vanquished.

Notes
Turn   | Place    | Note
--------------------------------------------------------------
     0 | D:1      | fredomojojo the Kobold Hunter began the quest for the Orb.
     0 | D:1      | Reached XP level 1. HP: 12/12 MP: 1/1
    34 | D:1      | Reached skill level 5 in Crossbows
    53 | D:1      | Reached XP level 2. HP: 12/17 MP: 2/2
   416 | D:1      | Reached XP level 3. HP: 21/21 MP: 3/3
   874 | D:2      | Reached skill level 6 in Crossbows
  1002 | D:2      | Found a shadowy altar of Dithmenos.
  1036 | D:2      | Became a worshipper of Dithmenos the Shadowed
  1102 | D:2      | Reached XP level 4. HP: 26/26 MP: 4/4
  1127 | D:2      | Noticed Ijyb
  1146 | D:2      | Killed Ijyb
  1313 | D:2      | Reached XP level 5. HP: 30/30 MP: 5/5
  1658 | D:3      | Reached skill level 1 in Short Blades
  1780 | D:3      | Reached * piety under Dithmenos
  2099 | D:3      | Reached skill level 7 in Crossbows
  2514 | D:4      | Noticed Duffy's ghost (amateur VSGl)
  2673 | D:4      | Reached skill level 1 in Armour
  2673 | D:4      | Reached XP level 6. HP: 35/35 MP: 6/6
  2828 | D:4      | Found a stormy altar of Qazlal.
  2874 | D:3      | Slain by an orc

Vault maps used:
D:1:      tarquinn_simple_flora_water_d, roderic_aztec_sauvastika,
          hangedman_decor_diamond_cutter
D:2:      kennysheep_the_goblin_king, nicolae_dithmenos_through_a_glass_darkly,
          uniq_iyjb
D:3:      first_bread
D:4:      minmay_temple_entry_enclosed_plants, serial_shops, shop_fountains,
          minmay_crystal_room, grunt_qazlal_clouds

Action                   |  1- 3 |  4- 6 || total
-------------------------+-------+-------++-------
Melee: Short sword       |     8 |       ||     8
       Dagger            |       |   155 ||   155
 Fire: Hand crossbow     |    75 |    48 ||   123
Evoke: Wand              |       |     1 ||     1
  Use: Scroll            |       |     5 ||     5
       Potion            |       |     1 ||     1
 Stab: Sleeping          |       |     7 ||     7
  Eat: Chunk             |       |     5 ||     5
       Meat ration       |       |     1 ||     1
